 Dungeon Crawl Stone Soup version 0.27-a0-1177-g245c70e1c0 (webtiles) character file.

Game seed: 15677586143942416652

2801 Glokmah the Firebug (level 9, -3/92 HPs)
             Began as an Ogre Fire Elementalist on May 16, 2021.
             Was a Believer of Vehumet.
             Slain by a yak (10 damage)
             ... on level 8 of the Dungeon.
             The game lasted 00:18:12 (8876 turns).

Glokmah the Firebug (Ogre Fire Elementalist)        Turns: 8876, Time: 00:18:12

Health: -3/92      AC:  6    Str: 14    XL:     9   Next: 71%
Magic:  21/27      EV:  9    Int: 19    God:    Vehumet [**....]
Gold:   403        SH:  0    Dex:  9    Spells: 5/20 levels left

rFire    . . .     SeeInvis .   b - +0 giant club (vorpal)
rCold    . . .     Faith    +   (shield currently unavailable)
rNeg     . . .     Spirit   .   n - +0 steam dragon scales
rPois    +         Reflect  .   (helmet restricted)
rElec    .         Harm     .   (no cloak)
rCorr    .         Rampage  .   (gloves unavailable)
Will     .....                  (boots unavailable)
Stlth    +.........             x - amulet of faith
HPRegen  0.25/turn              g - ring of magical power
MPRegen  0.20/turn              p - ring of poison resistance

@: no status effects
A: large, unfitting armour, tough skin 1
a: Renounce Religion


You were on level 8 of the Dungeon.
You worshipped Vehumet.
Vehumet was pleased with you.
You visited 1 branch of the dungeon, and saw 8 of its levels.

You collected 403 gold pieces.

Inventory:

Hand Weapons
 a - a +0 quarterstaff of speed
 b - a +0 vorpal giant club (weapon)
 w - a +2 dagger of speed
Missiles
 d - 243 stones
 l - 5 boomerangs of dispersal
 o - 86 poisoned darts (quivered)
 t - 5 boomerangs
Armour
 n - +0 steam dragon scales (worn)
Jewellery
 e - a ring of see invisible
 g - a ring of magical power (left hand)
 p - a ring of poison resistance (right hand)
 x - an amulet of faith (around neck)
 G - a +6 ring of dexterity
Wands
 r - a wand of charming (12)
 v - a wand of mindburst (13)
 A - a wand of polymorph (13)
 C - a wand of flame (15)
Scrolls
 k - 2 scrolls of magic mapping
 s - 2 scrolls of teleportation
Potions
 f - a potion of resistance {unknown}
 h - a potion of haste
 i - 2 potions of flight {unknown}
 j - 2 potions of lignification
 m - a potion of heal wounds {unknown}
 q - a potion of ambrosia {unknown}
 z - 2 potions of degeneration
 B - 3 potions of curing
 D - a potion of might {unknown}
 H - 2 potions of attraction


   Skills:
 + Level 6.4 Fighting
 - Level 1.7 Dodging
 - Level 1.4 Stealth
 + Level 6.0 Spellcasting
 * Level 6.3 Conjurations
 * Level 7.3 Fire Magic
 + Level 3.2 Earth Magic


You had 5 spell levels left.
You knew the following spells:

 Your Spells              Type           Power      Damage    Failure   Level
a - Foxfire               Conj/Fire      100%       2x1d9     1%          1
b - Sticky Flame          Conj/Fire      31%        2d5       7%          4
d - Searing Ray           Conj           60%        3d5       1%          2
e - Fireball              Conj/Fire      15%        3d8       19%         5
f - Ignite Poison         Fire/Tmut/Pois 15%        N/A       12%         3

Your spell library contained the following spells:

 Spells                   Type           Power      Damage    Failure   Level
 Magic Dart               Conj           100%       1d8       1%          1
 Conjure Flame            Conj/Fire      31%        6-21      1%          3
 Sandblast                Erth           36%        2d10      3%          1
 Inner Flame              Hex/Fire       19%        N/A       8%          3
 Dazzling Flash           Conj/Hex       34%        N/A       9%          3
 Summon Small Mammal      Summ           20%        N/A       11%         1
 Call Imp                 Summ           5%         N/A       17%         2
 Fulminant Prism          Conj/Hex       8%         3d7       30%         4
 Iskenderun's Mystic Bla  Conj/Tloc      17%        2d5       30%         4
 Call Canine Familiar     Summ           5%         N/A       32%         3
 Summon Guardian Golem    Hex/Summ       5%         N/A       32%         3
 Summon Ice Beast         Ice/Summ       5%         N/A       73%         4
 Summon Lightning Spire   Summ/Air       5%         N/A       73%         4


Dungeon Overview and Level Annotations

Branches:
Dungeon (8/15)             Temple (0/1) D:7
   Lair: D:8-11

Altars:
Dithmenos
Kikubaaqudgha
Okawaru
Trog
Vehumet

Shops:
D:7 *

Annotations:
D:8 Joseph


Innate Abilities, Weirdness & Mutations

You are too large for most types of armour.
You have tough skin. (AC +1)


Message History

The searing ray hits Joseph!
Joseph is moderately wounded.
The acid dragon spits acid at you. The splash of acid hits you.
You are splashed with acid!
The searing ray hits the acid dragon!
You kill the acid dragon!
Vehumet accepts your kill.
You feel your power returning.
The searing ray hits Joseph!
Joseph is heavily wounded.
Joseph shoots a sling bullet.
The sling bullet hits you!
The searing ray hits Joseph.
Joseph is heavily wounded.
You finish channeling your searing ray.
Joseph shoots a sling bullet.
The sling bullet misses you.
Casting: Searing Ray (safe; 1% risk of failure)
Confirm with . or Enter, or press ? or * to list all spells.
Aiming: Searing Ray (safe; 1% risk of failure)
Press: ? - help, Shift-Dir - straight line The searing ray misses Joseph. (Press . to maintain the ray.) Joseph shoots a sling bullet.
The sling bullet closely misses you.
The searing ray hits Joseph.
Joseph is heavily wounded.
The yak gores you.
Joseph sighs, "Being a guard is usually so boring..."
Joseph shoots a sling bullet.
The sling bullet hits you!!
The searing ray hits Joseph!
Joseph is severely wounded.
The yak gores you!
* * * LOW HITPOINT WARNING * * *
Joseph shoots a sling bullet.
The sling bullet hits you.
* * * LOW HITPOINT WARNING * * *
A yak comes into view.
The yak bellows!
Joseph shoots a sling bullet.
The sling bullet hits you!
* * * LOW HITPOINT WARNING * * *
The yak gores you but does no damage.
There is a stone staircase leading up here.
The yak gores you!
You die...

#. ......
#.##+##...#
#......†..#
#.......#.#
#.....Y...#
#......)#.#
#.##'####@#
#. #Y# #.
#@# #. ###
.. #Y .. #
#. #. #.


You could see Joseph and a yak.

Vanquished Creatures
  Grinder (D:4)
  Prince Ribbit (D:6)
  The ghost of Renjy the Sneak, an amateur KoGl (D:4)
  A steam dragon (D:8)
  An acid dragon (D:8)
  2 orc warriors
  An ice beast (D:6)
  A black bear (D:6)
  2 ogres
  2 centaurs
  A phantom (D:4)
  A bullfrog (D:7)
  A wyvern zombie (D:7)
  3 scorpions
  A water moccasin skeleton (D:4)
  2 centaur zombies
  6 orc priests
  4 bullfrog zombies
  2 hounds
  A jelly (D:6)
  2 bullfrog skeletons (D:6)
  5 iguanas
  2 orc wizards
  2 hound skeletons (D:4)
  A howler monkey skeleton (D:5)
  A gnoll (D:6)
  3 adders
  2 dart slugs
  28 orcs
  7 bats
  7 endoplasms
  A giant cockroach (D:3)
  5 goblins
  7 hobgoblins
  10 jackals (D:5)
  5 quokkas
  7 ball pythons
  6 frilled lizards
  8 kobolds
  10 rats
154 creatures vanquished.

Vanquished Creatures (others)
  360 foxfires
360 creatures vanquished.

Grand Total: 514 creatures vanquished

Notes
Turn   | Place    | Note
-------+----------+-------------------------------------------
     0 | D:1      | Glokmah the Ogre Fire Elementalist began the quest for the
                  | Orb.
     0 | D:1      | Reached XP level 1. HP: 16/16 MP: 3/3
    84 | D:1      | Reached skill level 1 in Conjurations
   158 | D:1      | Reached XP level 2. HP: 25/26 MP: 0/5
   267 | D:1      | Reached skill level 3 in Fire Magic
   445 | D:1      | Reached skill level 1 in Fighting
   703 | D:1      | Found a faded altar of an unknown god.
  1221 | D:1      | Reached XP level 3. HP: 28/33 MP: 5/7
  1954 | D:3      | Noticed a centaur
  1964 | D:3      | Killed a centaur
  1965 | D:3      | Reached XP level 4. HP: 8/42 MP: 1/8
  1965 | D:3      | Reached XP level 5. HP: 10/49 MP: 1/9
  2287 | D:3      | Learned a level 4 spell: Sticky Flame
  2304 | D:3      | Found a shadowy altar of Dithmenos.
  2610 | D:3      | Reached skill level 4 in Fire Magic
  2841 | D:3      | Found a radiant altar of Vehumet.
  2850 | D:3      | Became a worshipper of Vehumet
  3401 | D:4      | Reached XP level 6. HP: 32/59 MP: 11/11
  3549 | D:4      | You fall into a shaft and drop 3 floors!
  3549 | D:7      | Found a staircase to the Ecumenical Temple.
  3806 | D:5      | Entered Level 5 of the Dungeon
  3844 | D:5      | Reached XP level 7. HP: 67/67 MP: 13/13
  4045 | D:5      | Reached skill level 5 in Fire Magic
  4049 | D:5      | HP: 1/68 [orc priest/divine providence (10)]
  4056 | D:5      | HP: 2/68 [orc priest/+0 flail (5)]
  4558 | D:5      | Reached * piety under Vehumet
  4558 | D:5      | Offered knowledge of Sandblast by Vehumet.
  4570 | D:5      | Learned a level 1 spell: Sandblast
  4735 | D:4      | Learned a level 2 spell: Searing Ray
  4918 | D:4      | Found a bloodstained altar of Trog.
  4977 | D:4      | Reached XP level 8. HP: 79/79 MP: 14/14
  5114 | D:4      | Found a runed translucent door.
  5114 | D:4      | Noticed Renjy's ghost (amateur KoGl)
  5119 | D:4      | Reached skill level 1 in Earth Magic
  5146 | D:4      | Killed Renjy's ghost
  5491 | D:4      | Found an ancient bone altar of Kikubaaqudgha.
  5605 | D:4      | Noticed Grinder
  5613 | D:4      | Killed Grinder
  5614 | D:4      | Reached skill level 5 in Fighting
  5614 | D:4      | Reached skill level 5 in Spellcasting
  5614 | D:4      | Reached skill level 6 in Fire Magic
  5634 | D:4      | Reached skill level 5 in Conjurations
  6321 | D:5      | Reached ** piety under Vehumet
  6362 | D:5      | Offered knowledge of Freeze by Vehumet.
  6403 | D:5      | Learned a level 5 spell: Fireball
  6700 | D:6      | Reached XP level 9. HP: 88/88 MP: 17/17
  6829 | D:6      | Found an iron altar of Okawaru.
  7206 | D:6      | Noticed Prince Ribbit
  7211 | D:6      | Killed Prince Ribbit
  7537 | D:6      | Offered knowledge of Ignite Poison by Vehumet.
  7544 | D:6      | Learned a level 3 spell: Ignite Poison
  8096 | D:7      | Reached skill level 7 in Fire Magic
  8431 | D:7      | Found Bipp's Assorted Antiques.
  8861 | D:8      | Noticed Joseph
  8876 | D:8      | Slain by a yak

Illustrated notes

Levels and vault maps discovered:
D:1:      minmay_arrival_stair_chambers, layout_basic,
          ebering_ecumenical_altar_petrified
D:2:      layout_rooms, serial_aquarium, aquarium_bridge_island_small
          [aquarium_subvault_small_open, aquarium_subvault_bridge,
          aquarium_subvault_wall, aquarium_subvault_bridge,
          aquarium_subvault_bridge], aquarium_window_fake, aquarium_window_fake,
          aquarium_window_1, aquarium_view_2a, aquarium_view_2d,
          aquarium_balcony_3a
D:3:      minmay_general_purpose_star, layout_basic, nicolae_vehumet_radiance,
          lemuel_doored_altar, minmay_ruptured
D:4:      layout_basic, general_overflow_altar, nicolae_overflow_crystal_walls,
          gammafunk_ghost_grave, hangedman_decor_diamond_cutter,
          grunt_decor_clamped, uniq_grinder
D:5:      layout_rooms
D:6:      layout_layer_cave, okawaru_altar_gauntlet_db, uniq_prince_ribbit1
D:7:      layout_basic, minmay_temple_entry_glassed_door, serial_shops, shop
D:8:      layout_basic, lemuel_crystal_altar, serial_bayou, serial_bayou_pond_e,
          serial_bayou_pond_e, serial_bayou_pond_a, serial_bayou_pond_a,
          uniq_joseph, uniq_pikel

Skill      XL: |  1  2  3  4  5  6  7  8  9 |
---------------+----------------------------+-----
Conjurations   | 1 2 3 4 5 6 |  6.3
Fire Magic     | 3 4 5 6 7 |  7.3
Fighting       | 1 2 3 4 5 6 |  6.4
Spellcasting   | 3 4 5 6 |  6.0
Earth Magic    | 2 3 |  3.2
Dodging        | |  1.7
Stealth        | |  1.4

Action                   |  1- 3 |  4- 6 |  7- 9 || total
-------------------------+-------+-------+-------++-------
Melee: Dagger            |    18 |    29 |       ||    47
       Whip              |    29 |    17 |       ||    46
       Giant club        |       |       |    44 ||    44
 Cast: Foxfire           |    55 |    69 |   106 ||   230
       Sticky Flame      |       |     2 |    18 ||    20
       Searing Ray       |       |       |    22 ||    22
  Use: Potion            |       |       |     3 ||     3
       Scroll            |       |       |    10 ||    10
 Stab: Sleeping          |       |       |     1 ||     1
Armor: Robe              |    28 |    27 |    31 ||    86
       Steam dragon scal |       |       |     1 ||     1
Dodge: Dodged            |    40 |    37 |    61 ||   138

Table legend: (Time is in decaauts)
 A = Elapsed time spent in this place.
 B = Non-inter-level travel time spent in this place.
 C = Inter-level travel time spent in this place.
 D = Time resting spent in this place.
 E = Time spent auto-exploring this place.
 F = Levels seen in this place.
 G = Mean time per level.
                   A        B        C        D        E       F      G
               +--------+--------+--------+--------+--------+-----+--------+
         Total |   8886 |   8326 |    560 |   1203 |   5599 |   8 | 1110.8 |
       Dungeon |   8886 |   8326 |    560 |   1203 |   5599 |   8 | 1110.8 |
               +--------+--------+--------+--------+--------+-----+--------+

Top non-repeatable levels by time:
     D:6: 1561 daAuts
     D:4: 1468 daAuts
     D:5: 1351 daAuts
     D:3: 1351 daAuts
     D:1: 1288 daAuts
     D:7: 917 daAuts
     D:2: 901 daAuts
     D:8: 47 daAuts
